 Dungeon Crawl Stone Soup version 0.30.0-19-g36f170ea60 (webtiles) character file.

Game seed: 8582138692055125928

11264 nonceun the Cleaver (level 11, -9/150 HPs)
             Began as a Minotaur Berserker on May 31, 2023.
             Was an Elder of Trog.
             Mangled by a minotaur
             ... wielding a staff of conjuration
              (13 damage)
             ... in a Gauntlet.
             The game lasted 00:45:01 (10184 turns).

nonceun the Cleaver (Minotaur Berserker)           Turns: 10184, Time: 00:45:01

Health: -9/150     AC: 22    Str: 28    XL:     11   Next: 47%
Magic:  10/10      EV: 10    Int:  8    God:    Trog [****..]
Gold:   319        SH:  6    Dex: 10    Spells: 10/10 levels left

rFire   . . .        L - +0 war axe
rCold   . . .        t - +0 buckler
rNeg    + . .        y - +0 pearl dragon scales
rPois   .            (helmet restricted)
rElec   .            w - +0 cloak
rCorr   .            P - +1 pair of gloves {Stlth+}
SInv    .            (no boots)
Will    ++...        K - amulet of regeneration Stlth
                     Q - +4 ring of protection
HPRegen 2.25/turn    J - +6 ring of strength
MPRegen 0.12/turn

%: no teleportation
@: berserking, strong-willed, regenerating, very quick
A: horns 2, retaliatory headbutt
a: Renounce Religion, Berserk, Trog's Hand, Brothers in Arms


You were in a Gauntlet.
You worshipped Trog.
Trog was greatly pleased with you.
You visited 1 branch of the dungeon, and saw 11 of its levels.
You also visited: Sewer and Gauntlet.

You collected 817 gold pieces.
You spent 498 gold pieces at shops.

Inventory:

Hand Weapons
 a - the +9 spear "Riraady" {spect, rF+ Str+4}
   (You found it on level 7 of the Dungeon)

   Str:       It affects your strength (+4).
   rF:        It protects you from fire.
 b - a +2 hand axe of electrocution
 L - a +0 war axe (weapon)
Armour
 f - +0 acid dragon scales
 t - a +0 buckler (worn)
 w - a +0 cloak (worn)
 y - +0 pearl dragon scales (worn)
 P - a +1 pair of gloves of stealth (worn)
Jewellery
 l - a ring of resist corrosion
 u - a ring of fire
 z - a +6 ring of intelligence
 H - the ring "Daxenese" {*Slow rN+++ Will+ Str+2 Int+4}
   (You found it on level 9 of the Dungeon)

   [ring of willpower]

   Str:       It affects your strength (+2).
   Int:       It affects your intelligence (+4).
   rN:        It renders you almost immune to negative energy.
   *Slow:     It may slow you when you take damage.
   Will:      It increases your willpower.
 J - a +6 ring of strength (right hand)
 K - an amulet of regeneration (around neck)
 N - a ring of flight
 Q - a +4 ring of protection (left hand)
Wands
 k - a wand of light (25)
 v - a wand of charming (9)
 G - a wand of iceblast (2)
 O - a wand of flame (7)
Scrolls
 c - 6 scrolls of teleportation
 d - 2 scrolls of enchant weapon
 e - 7 scrolls of identify
 i - 4 scrolls of amnesia
 m - 4 scrolls of fog
 o - 2 scrolls of immolation
 r - 2 scrolls of noise
 s - 3 scrolls of enchant armour
 B - 3 scrolls of summoning
 D - 2 scrolls of fear
 M - a scroll of poison
Potions
 g - 2 potions of berserk rage {unknown}
 h - 5 potions of curing
 j - 7 potions of degeneration {unknown}
 n - 6 potions of might {unknown}
 p - 2 potions of heal wounds
 q - 3 potions of magic {unknown}
 x - a potion of experience {unknown}
 A - a potion of lignification {unknown}
 C - 2 potions of mutation {unknown}
 E - 2 potions of haste {unknown}
 F - a potion of flight {unknown}
 I - a potion of brilliance {unknown}


   Skills:
 + Level 10.2 Fighting
 + Level 13.7 Axes
 + Level 10.2 Armour
 - Level 2.1 Dodging
 * Level 10.6 Shields


You had 10 spell levels left.
You didn't know any spells.
Your spell library contained the following spells:

 Spells                   Type           Power      Damage    Failure   Level
 Sting                    Tmut/Pois      0%         1d3       71%         1
 Cigotuvi's Dreadful Rot  Necr/Pois/Air  0%         N/A       85%         2
 Poisonous Vapours        Pois/Air       0%         N/A       85%         2
 Ignite Poison            Fire/Tmut/Pois 0%         N/A       97%         3
 Inner Flame              Hex/Fire       0%         N/A       97%         3
 Stone Arrow              Conj/Erth      0%         3d7       97%         3
 Animate Armour           Summ/Erth      0%         N/A       100%        4
 Olgreb's Toxic Radiance  Pois           0%         N/A       100%        4
 Freezing Cloud           Conj/Ice/Air   0%         6-21      100%        5
 Yara's Violent Unravell  Hex/Tmut       0%         3d3       100%        5
 Enfeeble                 Hex            0%         N/A       100%        7
 Lehudib's Crystal Spear  Conj/Erth      0%         10d2      100%        8


Dungeon Overview and Level Annotations

Branches:
Dungeon (11/15)            Temple (0/1) D:5             Orc (0/2) D:11
  Sewer (visited)         Gauntlet (1/1)
   Lair: D:8-11

Altars:
Fedhas
Gozag
Hepliaklqana
Makhleb
Okawaru
Ru
Trog
Uskayaw
Vehumet
Xom
Zin

Shops:
D:1 *(   D:9 ([   D:11 =

Annotations:
D:6 2 transporters, tsMfbOW2's ghost, novice MeEE
D:10 !ugly thing, two-headed giant Gauntlet 21 runed translucent doors, 4 transporters


Innate Abilities, Weirdness & Mutations

You have a pair of horns on your head.
You reflexively headbutt those who attack you in melee.


Message History

You hit the minotaur but do no damage.
You headbutt the minotaur, but do no damage.
The minotaur is lightly wounded.
You block the minotaur's attack. The minotaur gores you!
Your skin crawls.
You feel strong-willed.
The minotaur hits you with a staff of conjuration.
The minotaur completely misses you.
You fail to use your ability.
The minotaur hits you but does no damage.
The minotaur blasts you. The minotaur barely misses you.
You fail to use your ability.
The minotaur hits you with a staff of conjuration.
The minotaur blasts you. The minotaur gores you!
You hit the minotaur but do no damage.
The minotaur is lightly wounded.
The minotaur hits you with a staff of conjuration!!
* * * LOW HITPOINT WARNING * * *
The minotaur blasts you.
* * * LOW HITPOINT WARNING * * *
The minotaur barely misses you.
A red film seems to cover your vision as you go berserk!
You feel yourself moving faster!
You feel mighty!
The minotaur hits you with a staff of conjuration!!
* * * LOW HITPOINT WARNING * * *
The minotaur closely misses you.
You slash the minotaur! Your headbutt misses the minotaur.
The minotaur is moderately wounded.
The minotaur hits you with a staff of conjuration.
* * * LOW HITPOINT WARNING * * *
The minotaur blasts you.
* * * LOW HITPOINT WARNING * * *
The minotaur gores you but does no damage.
You hit the minotaur but do no damage.
The minotaur is moderately wounded.
You slash the minotaur!
You headbutt the minotaur, but do no damage.
The minotaur is moderately wounded.
The minotaur hits you with a staff of conjuration!
You die...

..$#..#≈8≈#
..©#..#...######
..[#..#.8.##...#
#.)#..#...##.#.#
##.#..#.8....#.#
G.G#..#...##.#.# ##+##
####..#...##...# ..⌠.#
.....≈#.©.##.#.##∩...#
.....∩#......#.'@H..⌠+
.....≈#.©.##.#.##.⌠..#
####..#...##...# #+###
..##..#...##.#.#
.#.#..#.8....#.#
#..#..#...##.#.#
...#..#.8.##...#
..©#..#...# ####
...#..#§8≈#


You could see a minotaur.

Vanquished Creatures
  3 tengu warriors
  A two-headed ogre (D:11)
  An orc knight (D:11)
  An oklob plant (Gauntlet)
  A tengu conjurer (Gauntlet)
  A hornet (D:9)
  2 trolls
  3 centaur simulacra (Gauntlet)
  Sigmund (D:2)
  7 yaks (D:10)
  2 vampires
  A wyvern (D:9)
  3 steam dragons
  2 acid dragons
  5 water moccasins
  7 orc warriors
  2 ice beasts
  5 centaurs
  An ogre (D:4)
  A phantom (D:5)
  3 bullfrogs
  A cane toad simulacrum (Gauntlet)
  2 scorpions
  15 killer bees
  An electric eel (D:10)
  3 howler monkeys
  2 crimson imps
  2 gnoll boudas (D:6)
  3 hounds
  6 orc priests
  2 jellies
  A sleepcap (D:6)
  Jessica (D:2)
  An iguana (D:5)
  9 orc wizards
  14 gnolls
  3 river rats
  10 adders
  5 white imps
  4 worms (D:3)
  51 orcs
  10 ball pythons
  8 endoplasms
  6 giant cockroaches
  7 goblins
  4 hobgoblins
  8 jackals
  A quokka (D:1)
  6 bats
  5 frilled lizards (Sewer)
  9 kobolds
  14 rats
267 creatures vanquished.

Vanquished Creatures (collateral kills)
  A tengu conjurer (Gauntlet)
1 creature vanquished.

Grand Total: 268 creatures vanquished

Notes
Turn   | Place    | Note
-------+----------+-------------------------------------------
     0 | D:1      | nonceun the Minotaur Berserker began the quest for the Orb.
     0 | D:1      | Reached XP level 1. HP: 19/19 MP: 0/0
    84 | D:1      | Reached skill level 4 in Axes
   136 | D:1      | Reached XP level 2. HP: 24/26 MP: 1/1
   278 | D:1      | Found a faded altar of an unknown god.
   350 | D:1      | Found Keacask's Antique Weapon Emporium.
   442 | D:1      | Reached skill level 5 in Axes
   690 | D:1      | Found Soemait's Assorted Antiques.
   693 | D:1      | Bought a puce potion for 22 gold pieces
   693 | D:1      | Bought a scroll labelled GEGETO TORCHI for 25 gold pieces
   915 | D:2      | Reached XP level 3. HP: 31/31 MP: 2/2
   917 | D:2      | Reached ** piety under Trog
   947 | D:2      | Noticed Sigmund
   961 | D:2      | Killed Sigmund
   962 | D:2      | Reached skill level 7 in Axes
   962 | D:2      | Reached XP level 4. HP: 21/39 MP: 3/3
   962 | D:2      | Reached XP level 5. HP: 25/45 MP: 4/4
  1256 | D:2      | Noticed Jessica
  1275 | D:2      | Killed Jessica
  1605 | D:3      | Found a bloodstained altar of Trog.
  1605 | D:3      | Noticed a centaur
  1606 | D:3      | Found a blossoming altar of Fedhas.
  1607 | D:3      | Found a glowing silver altar of Zin.
  1607 | D:3      | Found a hazy altar of Hepliaklqana.
  1640 | D:3      | Reached skill level 8 in Axes
  1645 | D:3      | Killed a centaur
  1646 | D:3      | Reached XP level 6. HP: 52/52 MP: 5/5
  1720 | D:3      | Found a shimmering altar of Xom.
  1721 | D:3      | Found a burning altar of Makhleb.
  1839 | D:3      | Found a glowing drain.
  1844 | Sewer    | Entered a sewer
  2350 | D:3      | Found a radiant altar of Vehumet.
  2833 | D:4      | Reached XP level 7. HP: 27/60 MP: 6/6
  2954 | D:4      | Reached *** piety under Trog
  3126 | D:4      | You fall into a shaft and drop 2 floors!
  3169 | D:6      | Reached skill level 5 in Armour
  3169 | D:6      | Reached skill level 1 in Shields
  3181 | D:6      | Reached skill level 5 in Fighting
  3181 | D:6      | Reached skill level 9 in Axes
  3193 | D:6      | Identified the +2 dagger of Kyopnujy {venom, rC+ Str+3}
  3202 | D:6      | Noticed tsMfbOW2's ghost (novice MeEE)
  3225 | D:5      | Entered Level 5 of the Dungeon
  3225 | D:5      | Found a hide-covered altar of Uskayaw.
  3761 | D:5      | Reached XP level 8. HP: 68/68 MP: 7/7
  4026 | D:5      | Found a staircase to the Ecumenical Temple.
  4209 | D:5      | Reached skill level 10 in Axes
  4641 | D:6      | Reached skill level 5 in Shields
  4944 | D:6      | Found a transporter.
  4966 | D:6      | Found a sacrificial altar of Ru.
  5015 | D:6      | Reached **** piety under Trog
  5271 | D:6      | Found a transporter.
  5610 | D:7      | Reached XP level 9. HP: 66/75 MP: 8/8
  5676 | D:7      | Found an iron altar of Okawaru.
  5748 | D:7      | Identified the +9 spear "Riraady" {spect, rF+ Str+4}
  5806 | D:7      | Reached skill level 11 in Axes
  6330 | D:8      | Noticed a troll
  6339 | D:8      | Killed a troll
  6753 | D:8      | Reached skill level 12 in Axes
  7041 | D:9      | Found Cidiubler's Antique Armour Shoppe.
  7065 | D:9      | Found a transporter.
  7300 | D:9      | Found a transporter.
  7347 | D:9      | Found Odobount's Antique Weapon Shoppe.
  7359 | D:9      | Identified the ring "Daxenese" {*Slow rN+++ Will+ Str+2
                  | Int+4}
  7383 | D:9      | Reached XP level 10. HP: 82/88 MP: 9/9
  7615 | D:9      | Reached ***** piety under Trog
  7660 | D:9      | Found an opulent altar of Gozag.
  8196 | D:9      | Identified the staff of air "Fidawuxoem" {rElec Int+3}
  8469 | D:1      | Bought a scroll labelled KENWIO UDWUYWN for 25 gold pieces
  8469 | D:1      | Bought a scroll labelled LEWAID QEOFFO for 25 gold pieces
  8469 | D:1      | Bought a moonstone ring for 125 gold pieces
  8469 | D:1      | Bought a scroll labelled TYGRID DAEKKIV for 25 gold pieces
  8469 | D:1      | Bought a dented emerald amulet for 125 gold pieces
  8637 | D:9      | Bought a pair of gloves for 126 gold pieces
  8645 | D:10     | Entered Level 10 of the Dungeon
  8988 | D:10     | Noticed a purple ugly thing
  9220 | D:10     | Noticed a two-headed ogre
  9250 | D:11     | Found a staircase to the Orcish Mines.
  9252 | D:11     | Noticed an orc knight
  9256 | D:11     | Reached skill level 13 in Axes
  9279 | D:11     | Killed an orc knight
  9279 | D:11     | Received a gift from Trog
  9432 | D:11     | Noticed a tengu warrior
  9451 | D:11     | Killed a tengu warrior
  9452 | D:11     | Reached XP level 11. HP: 69/97 MP: 10/10
  9458 | D:11     | Found Diegiw's Jewellery Shoppe.
  9502 | D:11     | Noticed a two-headed ogre
  9541 | D:11     | Killed a two-headed ogre
  9542 | D:11     | Reached skill level 10 in Shields
  9602 | D:11     | Found a gate leading to a gauntlet.
  9611 | Gauntlet | Entered a Gauntlet
  9611 | Gauntlet | Noticed a dire elephant
  9611 | Gauntlet | Found a large runed translucent door.
  9611 | Gauntlet | Found a large runed translucent door.
  9611 | Gauntlet | Found a large runed translucent door.
  9611 | Gauntlet | Found a large runed translucent door.
  9611 | Gauntlet | Found a large runed translucent door.
  9611 | Gauntlet | Found a large runed translucent door.
  9611 | Gauntlet | Found a large runed translucent door.
  9611 | Gauntlet | Found a large runed translucent door.
  9611 | Gauntlet | Found a runed translucent door.
  9611 | Gauntlet | Found a runed translucent gate.
  9611 | Gauntlet | Found a transporter.
  9611 | Gauntlet | Found a transporter.
  9611 | Gauntlet | Found a runed translucent gate.
  9611 | Gauntlet | Found a transporter.
  9613 | Gauntlet | Found a transporter.
  9623 | Gauntlet | Found a transporter.
  9633 | Gauntlet | Found a transporter.
  9648 | Gauntlet | Found a transporter.
  9658 | Gauntlet | Found a transporter.
  9662 | Gauntlet | Noticed a tengu warrior
  9673 | Gauntlet | Found a transporter.
  9679 | Gauntlet | Found a transporter.
  9679 | Gauntlet | Noticed a tengu warrior
  9689 | Gauntlet | Noticed a glowing orange brain
  9689 | Gauntlet | Noticed a glowing orange brain
  9701 | Gauntlet | Noticed an oklob plant
  9735 | Gauntlet | Found a transporter.
  9736 | Gauntlet | Found a runed translucent gate.
  9737 | Gauntlet | Found a runed translucent door.
  9748 | Gauntlet | Found a large runed translucent door.
  9748 | Gauntlet | Found a large runed translucent door.
  9748 | Gauntlet | Found a large runed translucent door.
  9748 | Gauntlet | Found a large runed translucent door.
  9749 | Gauntlet | Found a large runed translucent door.
  9749 | Gauntlet | Found a large runed translucent door.
  9750 | Gauntlet | Found a large runed translucent door.
  9750 | Gauntlet | Found a large runed translucent door.
  9781 | Gauntlet | Found a transporter.
  9793 | Gauntlet | Noticed a brown ugly thing
  9978 | Gauntlet | Killed an oklob plant
 10052 | Gauntlet | Reached skill level 10 in Fighting
 10054 | Gauntlet | Killed a tengu warrior
 10055 | Gauntlet | Reached skill level 10 in Armour
 10096 | Gauntlet | Killed a tengu warrior
 10169 | Gauntlet | Noticed a minotaur
 10181 | Gauntlet | HP: 7/150 [minotaur/staff of conjuration (20)]
 10182 | Gauntlet | HP: 3/150 [minotaur/staff of conjuration (6)]
 10184 | Gauntlet | Mangled by a minotaur

Illustrated notes

Levels and vault maps discovered:
D:1:      sevenhm_arrival_forest_fort_small_1, layout_loops_ring,
          basic_ecumenical_altar, serial_shops, nicolae_shop_real_fake_doors,
          nicolae_shop_pleasant_corner_grove
D:2:      layout_rooms, uniq_jessica, uniq_sigmund
D:3:      layout_loops_ring, grunt_temple_overflow_champion_of_chaos,
          mainiacjoe_overflow_paths, chequers_temple_overflow_statue_of_worship,
          lightli_sewer_entry_pipes, hex_medium
D:4:      layout_rooms
D:5:      layout_basic, mainiacjoe_overflow_concentric_impassable,
          minmay_temple_entry_poolview, chequers_serial_rivers_small_3
D:6:      layout_rooms, nicolae_ru_the_path_less_chosen, gammafunk_ghost_arena,
          minmay_fire_ice_demons
D:7:      layout_gridville, lemuel_round_altar
D:8:      layout_loops_ring, chequers_serial_rivers_small_3,
          kennysheep_generic_room_11
D:9:      gammafunk_beogh_shrine, layout_loops_ring, grunt_gozag_breadcrumbs,
          serial_shops, nicolae_shop_just_a_little_nook, nicolae_stop_n_shop_2
D:10:     layout_basic, mainiacjoe_overflow_alcove_1
D:11:     layout_long_grid, erik_lair_orcish_takeover, orc_david_3,
          gauntlet_entry_generic, serial_shops, nicolae_shop_just_a_little_nook
Gauntlet: gammafunk_gauntlet_shortcut
          [minmay_gauntlet_arena_make_your_own_arena,
          gammafunk_gauntlet_arena_split_x, nicolae_gauntlet_arena_blocks,
          nicolae_gauntlet_arena_flowing_pool, gammafunk_gauntlet_arena_open,
          nicolae_gauntlet_arena_x, gauntlet_exit_hidden_loot]

Skill      XL: |  1  2  3  4  5  6  7  8  9 10 11 |
---------------+----------------------------------+-----
Axes           | 4 5 7 8 9 10 12 13 | 13.7
Fighting       | 4 5 6 7 9 10 | 10.2
Armour         | 4 5 6 8 9 10 | 10.2
Shields        | 2 5 7 9 10 | 10.6
Dodging        | |  2.1

Action                     |  1- 3 |  4- 6 |  7- 9 | 10-12 || total
---------------------------+-------+-------+-------+-------++-------
  Melee: Hand axe          |    68 |   156 |   232 |   108 ||   564
         Headbutt          |     3 |    19 |    47 |    34 ||   103
         Spear             |       |       |    70 |   106 ||   176
         War axe           |       |       |       |     9 ||     9
 Invoke: Trog's Hand       |     1 |     2 |     1 |     9 ||    13
         Berserk           |     1 |     1 |     2 |     2 ||     6
         Brothers in Arms  |       |       |       |     1 ||     1
    Use: Scroll            |       |       |       |    10 ||    10
   Stab: Distracted        |       |       |     1 |       ||     1
 Armour: Animal skin       |     9 |       |       |       ||     9
         Plate armour      |    18 |    85 |    23 |       ||   126
         Pearl dragon scal |       |       |    64 |    78 ||   142
  Dodge: Dodged            |    29 |    42 |    93 |    61 ||   225
  Block: Buckler           |       |       |    41 |    42 ||    83
